 Dungeon Crawl Stone Soup version 0.26-a0-466-g989023bd0d (webtiles) character file.

Game seed: 14265950627433890426

49170 vurker the Severer (level 14, -1/118 HPs)
             Began as a Minotaur Hunter on Aug 10, 2020.
             Was the Champion of Hepliaklqana.
             Slain by a 14-headed hydra (3 damage)
             ... on level 5 of the Lair of Beasts.
             The game lasted 00:30:46 (22648 turns).

vurker the Severer (Minotaur Hunter)               Turns: 22648, Time: 00:30:46

Health: -1/118     AC: 20    Str: 22    XL:     14   Next: 15%
Magic:  0/28       EV:  6    Int:  8    God:    Hepliaklqana [******]
Gold:   1121       SH: 14    Dex: 11    Spells: 13/13 levels left

rFire    + . .     SeeInvis .   b - +2 broad axe (flame)
rCold    . . .     Faith    .   X - +0 tower shield
rNeg     . . .     Spirit   +   J - +0 plate armour {rPois}
rPois    +         Reflect  .   (helmet restricted)
rElec    .         Harm     .   V - +2 cloak
rCorr    .                      j - +0 pair of gloves
MR       +....                  F - +0 pair of boots {Stlth+}
Stlth    ..........             D - amulet of guardian spirit
HPRegen  0.29/turn              G - ring of protection from fire
MPRegen  0.21/turn              L - ring of magical power

@: about to teleport, very slightly contaminated
A: retaliatory headbutt, reduced essence, horns 2
a: Recall Ancestor, Ancestor Identity, Transference, Idealise, Renounce Religion


You were on level 5 of the Lair of Beasts.
You worshipped Hepliaklqana.
Hepliaklqana was exalted by your worship.
You visited 3 branches of the dungeon, and saw 18 of its levels.
You visited the Abyss 1 time.
You also visited: Volcano.

You collected 1435 gold pieces.
You spent 314 gold pieces at shops.

Inventory:

Hand Weapons
 a - a +1 broad axe of venom
   (You found it on level 6 of the Dungeon)
 b - a +2 broad axe of flaming (weapon)
   (You found it on level 6 of the Lair of Beasts)
 w - a +3 demon trident of draining
   (You took it off Urug on level 3 of the Lair of Beasts)
Missiles
 m - 2 silver javelins (quivered)
 p - a throwing net
 E - 15 javelins
Armour
 j - a +0 pair of gloves (worn)
   (You found it on level 1 of the Dungeon)
 o - a +0 buckler
   (You found it on level 3 of the Dungeon)
 F - a +0 pair of boots of stealth (worn)
   (You found it on level 11 of the Dungeon)
 J - a +0 plate armour of poison resistance (worn)
   (You took it off an orc warrior on level 6 of the Dungeon)
 M - a scarf of harm
   (You found it on level 5 of the Lair of Beasts)
 V - a +2 cloak (worn)
   (You found it on level 3 of the Lair of Beasts)
 X - a +0 tower shield (worn)
   (You found it on level 6 of the Lair of Beasts)
 Y - the +6 plate armour of the Great Game {rC+ Int+2 Dex+3 Stlth-, unknown}
   (You found it on level 5 of the Lair of Beasts)

   It affects your intelligence (+2).
   It affects your dexterity (+3).
   It protects you from cold.
   It makes you less stealthy.
Jewellery
 f - an uncursed ring of see invisible
   (You found it on level 1 of the Lair of Beasts)
 l - an uncursed ring of resist corrosion
   (You found it on level 2 of the Dungeon)
 D - an amulet of guardian spirit (around neck)
   (You took it off an orc on level 7 of the Dungeon)
 G - a ring of protection from fire (left hand)
   (You found it on level 11 of the Dungeon)
 L - a ring of magical power (right hand)
   (You found it on level 9 of the Dungeon)
Wands
 c - a wand of disintegration (18)
   (You found it on level 10 of the Dungeon)
 d - a wand of iceblast (41)
   (You found it on level 8 of the Dungeon)
 t - a wand of flame (40)
   (You found it on level 6 of the Dungeon)
 u - a wand of paralysis (10)
   (You found it on level 7 of the Dungeon)
 v - a wand of digging (6)
   (You found it on level 5 of the Lair of Beasts)
 x - a wand of acid (3)
   (You found it on level 2 of the Dungeon)
 T - a wand of clouds (6)
   (You found it on level 2 of the Lair of Beasts)
Scrolls
 h - 17 scrolls of remove curse
 q - 5 scrolls of teleportation
 s - 3 scrolls of enchant armour
 y - a scroll of holy word
 z - 2 scrolls of enchant weapon
 B - 3 scrolls of immolation
 K - a scroll of silence
 N - 2 scrolls of summoning
 P - 6 scrolls of identify
 R - a scroll of magic mapping
 S - 3 scrolls of fog
 U - a scroll of vulnerability
 W - a scroll of fear
Potions
 e - 2 potions of degeneration
 g - a potion of invisibility
 i - 11 potions of curing
 k - 4 potions of lignification
 n - 2 potions of cancellation
 r - 3 potions of heal wounds
 A - 3 potions of haste
 C - 3 potions of ambrosia
 H - 2 potions of magic
 I - a potion of mutation
 O - 2 potions of might
 Q - a potion of resistance


   Skills:
 + Level 14.0 Fighting
 * Level 15.7(15.9) Axes
   Level 3.6(11.2) Maces & Flails
 - Level 10.0 Throwing
 + Level 9.5 Armour
 + Level 9.1 Dodging
 - Level 0.7 Stealth
 + Level 4.0 Shields
 - Level 8.0 Invocations


You had 13 spell levels left.
You didn't know any spells.
Your spell library contained the following spells:

 Spells                   Type           Power        Failure   Level
 Animate Skeleton         Necr           #.....       100%        1
 Apportation              Tloc           #.....       100%        1
 Corona                   Hex            #......      100%        1
 Foxfire                  Conj/Fire      #...         100%        1
 Shock                    Conj/Air       #...         100%        1
 Summon Small Mammal      Summ           #...         100%        1
 Swiftness                Air            #.......     100%        2
 Conjure Flame            Conj/Fire      #.......     100%        3
 Inner Flame              Hex/Fire       #.......     100%        3
 Static Discharge         Conj/Air       #.......     100%        3
 Airstrike                Air            #.........   100%        4
 Sticky Flame             Conj/Fire      #.......     100%        4
 Fireball                 Conj/Fire      #.........   100%        5
 Irradiate                Conj/Tmut      #.........   100%        5
 Lightning Bolt           Conj/Air       #.........   100%        5
 Hydra Form               Tmut           #.........   100%        6
 Statue Form              Tmut/Erth      #........    100%        6
 Dragon Form              Tmut           #.........   100%        7


Dungeon Overview and Level Annotations

Branches:
Dungeon (11/15)            Temple (1/1) D:5            Lair (6/6) D:8
  Swamp (0/4) Lair:3       Spider (0/4) Lair:2        Slime (0/5) Lair:5
    Orc (0/2) D:10        Volcano (visited)

Altars:
Ashenzari
Dithmenos
Elyvilon
Fedhas
Hepliaklqana
Kikubaaqudgha
Makhleb
Nemelex Xobeh
Okawaru
Qazlal
Ru
Sif Muna
Trog
Uskayaw
Vehumet
Xom
Yredelemnul
Zin
The Shining One
Beogh
Jiyva

Shops:
D:9 ?

Annotations:
Lair:5 Seod's ghost, journeyman FoAK


Innate Abilities, Weirdness & Mutations

You reflexively headbutt those who attack you in melee.
You have a pair of horns on your head.
Your life essence is reduced to manifest your ancestor. (-10% HP)


Message History

The 15-headed hydra bites you but does no damage. x2
The 15-headed hydra bites you!
The 15-headed hydra bites you but does no damage.
The 15-headed hydra bites you! You block the 15-headed hydra's attack.
The 15-headed hydra bites you but does no damage. x3
The 15-headed hydra closely misses you. You block the 15-headed hydra's attack.
The 15-headed hydra bites you! The 15-headed hydra bites you.
* * * LOW HITPOINT WARNING * * *
The 15-headed hydra bites you but does no damage.
Unknown command.
As you read the scroll of teleportation, it crumbles to dust.
You feel strangely unstable. Seod's ghost hits you.
* * * LOW HITPOINT WARNING * * *
Space warps horribly around you!
* * * LOW HITPOINT WARNING * * *
The 15-headed hydra bites you.
* * * LOW HITPOINT WARNING * * *
The 15-headed hydra bites you but does no damage.
You block the 15-headed hydra's attack. x2; The 15-headed hydra bites you.
* * * LOW HITPOINT WARNING * * *
The 15-headed hydra bites you but does no damage.
You block the 15-headed hydra's attack. x2; The 15-headed hydra bites you.
* * * LOW HITPOINT WARNING * * *
The 15-headed hydra bites you but does no damage.
The 15-headed hydra bites you.
* * * LOW HITPOINT WARNING * * *
The 15-headed hydra bites you!
* * * LOW HITPOINT WARNING * * *
The 15-headed hydra bites you!
* * * LOW HITPOINT WARNING * * *
The 15-headed hydra bites you but does no damage. x2
Unknown command.
Your +1 broad axe of venom stops dripping with poison.
Your +2 broad axe of flaming bursts into flame!
b - a +2 broad axe of flaming (weapon)
Kammani closely misses the 15-headed hydra.
You slice one of the 15-headed hydra's heads off!
The flame cauterises the wound!
You hit the 14-headed hydra. You burn the 14-headed hydra.
Your headbutt misses the 14-headed hydra.
You hit Seod's ghost but do no damage.
Seod's ghost says regretfully, "I wish I had corrupted all of this!"
Seod's ghost hits you.
* * * LOW HITPOINT WARNING * * *
Space warps horribly around you!
* * * LOW HITPOINT WARNING * * *
The 14-headed hydra barely misses you.
The 14-headed hydra bites you but does no damage.
The 14-headed hydra bites you.
You die...

#..............##.##...##.
##.............#........##
#.............'.##.#.....
##.............####.......
#.###......##### #.P.....
####..P.....#### ##...#...
##.........P###.##.....
#P.#####...P...........
####♣.@###...#.........
##≈.WD♣##.............
#≈...R..#P............
#≈..).$.##.##.........
#(....$♣#####.........
##.....####........>..
####'''####..##[#..PP..
###........#######...####
##.##.P.....# ###...####


You could see the friendly Kammani the battlemage, a 14-headed hydra and Seod's
ghost.

Vanquished Creatures
  5 hydras
  Nergalle (Lair:3)
  A fire crab (Lair:6)
  An unseen horror (D:11)
  A harpy (D:9)
  2 wolf spiders (Lair:6)
  An ugly thing (D:11)
  6 elephants
  7 black mambas
  A guardian serpent (Lair:6)
  8 cane toads
  A torpor snail (Lair:3)
  3 komodo dragons
  A rime drake (Lair:2)
  A polar bear (Lair:5)
  12 blink frogs
  A hornet (Lair:6)
  4 hippogriffs
  A redback (Lair:6)
  21 yaks
  3 shadows
  A wraith (D:11)
  8 wyverns
  3 fire bats (Lair:2)
  A fire elemental (Volcano)
  Edmund (D:5)
  Menkaure (D:6)
  A vampire mosquito (D:10)
  13 water moccasins
  Duvessa (D:5)
  12 porcupines
  4 orc warriors
  A sky beast (D:8)
  A black bear (D:7)
  An eye of draining (D:10)
  2 ice beasts
  10 wolves
  4 centaurs
  2 phantoms (D:7)
  3 ogres
  7 crocodiles
  A big kobold (D:9)
  7 bullfrogs
  A gnoll sergeant (D:10)
  A wyvern zombie (D:9)
  Dowan (D:5)
  A scorpion (D:11)
  6 killer bees (D:10)
  5 wights (D:11)
  2 bullfrog zombies
  A centaur zombie (D:6)
  A quasit (D:7)
  5 jellies
  2 centaur skeletons
  3 hounds
  7 orc priests
  4 iguanas
  Natasha (thrice) (D:4)
  8 orc wizards
  7 worker ants
  A hound skeleton (D:8)
  A worker ant zombie (D:10)
  4 gnolls (D:10)
  13 adders
  2 white imps (D:8)
  4 ufetubi
  3 adder skeletons
  2 worms (D:2)
  4 dart slugs
  4 leopard geckos
  44 orcs
  10 bats
  5 giant cockroaches
  4 goblins
  5 hobgoblins
  7 jackals
  5 quokkas
  2 ball pythons
  5 frilled lizards
  7 kobolds
  A leopard gecko skeleton (D:4)
  2 leopard gecko zombies (D:7)
  6 rats
  7 fungi
  3 plants
376 creatures vanquished.

Vanquished Creatures (collateral kills)
  An ogre mage (D:9)
  2 hydras
  3 two-headed ogres
  Urug (Lair:3)
  A deep elf mage (D:9)
  A cyclops (D:11)
  9 elephants
  A black mamba (Lair:6)
  Maurice (D:8)
  3 cane toads
  A rime drake (Lair:4)
  2 komodo dragons (Lair:6)
  2 polar bears
  A hornet (Lair:6)
  3 hippogriffs
  4 blink frogs
  A redback (Lair:6)
  11 yaks
  A vampire mosquito (D:10)
  Grum (D:8)
  A steam dragon (Lair:4)
  2 basilisks
  A porcupine (D:8)
  4 water moccasins
  An orc warrior (D:6)
  10 wolves
  2 centaurs
  2 crocodiles
  2 bullfrogs
  A scorpion (D:8)
  A jelly (D:9)
  2 orc wizards
  2 orc priests
  A worker ant (D:7)
  A hound zombie (D:6)
  A worker ant zombie (D:6)
  An adder zombie (D:7)
  2 leopard geckos
  10 orcs
  2 jackals (D:7)
  A kobold (D:9)
  A quokka (D:6)
  2 fungi (Lair:1)
  A plant (Lair:6)
104 creatures vanquished.

Vanquished Creatures (others)
  A cane toad (Lair:6)
  8 battlemagi
  3 ancestors
  45 fungi
  18 plants
75 creatures vanquished.

Grand Total: 555 creatures vanquished

Notes
Turn   | Place    | Note
-------+----------+-------------------------------------------
     0 | D:1      | vurker the Minotaur Hunter began the quest for the Orb.
     0 | D:1      | Reached XP level 1. HP: 18/18 MP: 0/0
   152 | D:1      | Reached XP level 2. HP: 23/25 MP: 1/1
   898 | D:2      | Reached XP level 3. HP: 26/31 MP: 2/2
  1149 | D:2      | Reached XP level 4. HP: 40/40 MP: 3/3
  1412 | D:2      | Reached skill level 5 in Throwing
  1523 | D:2      | Noticed an ogre
  1540 | D:2      | Killed an ogre
  1540 | D:2      | Reached skill level 5 in Fighting
  1540 | D:2      | Reached XP level 5. HP: 5/48 MP: 4/4
  2501 | D:3      | Reached skill level 1 in Shields
  2921 | D:3      | Reached XP level 6. HP: 56/56 MP: 5/5
  3102 | D:4      | Noticed Natasha
  3109 | D:4      | Killed Natasha
  3110 | D:4      | Noticed Natasha
  3118 | D:4      | Killed Natasha
  3131 | D:4      | Noticed Natasha
  3141 | D:4      | Killed Natasha
  3610 | D:5      | Entered Level 5 of the Dungeon
  3641 | D:5      | Reached XP level 7. HP: 38/63 MP: 6/6
  3873 | D:5      | Noticed Duvessa
  3874 | D:5      | Noticed Dowan
  3887 | D:5      | Killed Duvessa
  3891 | D:5      | Killed Dowan
  3949 | D:5      | Noticed Edmund
  3974 | D:5      | Killed Edmund
  4156 | D:5      | Found a staircase to the Ecumenical Temple.
  4167 | Temple   | Entered the Ecumenical Temple
  4284 | Temple   | Became a worshipper of Hepliaklqana the Forgotten
  4551 | D:5      | Reached skill level 1 in Invocations
  4551 | D:5      | Reached XP level 8. HP: 35/65 MP: 7/7
  4878 | D:6      | Found a blossoming altar of Fedhas.
  4878 | D:6      | Found a glowing silver altar of Zin.
  4918 | D:6      | Reached skill level 1 in Maces & Flails
  5316 | D:6      | Noticed Menkaure
  5615 | D:6      | Killed Menkaure
  5616 | D:6      | Reached skill level 1 in Axes
  5909 | D:6      | Reached XP level 9. HP: 56/73 MP: 10/10
  6183 | D:7      | Reached skill level 2 in Axes
  6191 | D:7      | Reached skill level 3 in Axes
  6776 | D:7      | Reached skill level 4 in Axes
  6804 | D:7      | Reached * piety under Hepliaklqana
  7016 | D:8      | Noticed Grum
  7038 | D:8      | Reached skill level 5 in Axes
  7044 | D:8      | Killed Grum
  7607 | D:8      | Reached skill level 6 in Axes
  7683 | D:8      | Reached skill level 5 in Invocations
  7747 | D:8      | Found a staircase to the Lair.
  7750 | D:8      | Reached XP level 10. HP: 58/83 MP: 8/12
  7973 | D:8      | Noticed a two-headed ogre
  7980 | D:8      | Killed a two-headed ogre
  7980 | D:8      | Reached skill level 10 in Fighting
  7980 | D:8      | Reached skill level 7 in Axes
  8424 | D:8      | Found a hide-covered altar of Uskayaw.
  8537 | D:8      | Noticed Maurice
  8551 | D:8      | Killed Maurice
  9009 | D:8      | Reached ** piety under Hepliaklqana
  9010 | D:8      | Remembered your ancestor Kammani as a battlemage
  9055 | D:9      | Noticed a two-headed ogre
  9063 | D:9      | Killed a two-headed ogre
  9063 | D:9      | Reached skill level 8 in Axes
  9297 | D:9      | Found a runed translucent door.
  9298 | D:9      | Noticed an ogre mage
  9565 | D:9      | Found Zeolucro's Magic Scroll Boutique.
  9588 | D:9      | Reached skill level 9 in Axes
  9692 | D:9      | Bought a scroll of blinking for 112 gold pieces
  9692 | D:9      | Bought a scroll of summoning for 142 gold pieces
  9692 | D:9      | Bought a scroll of identify for 30 gold pieces
  9692 | D:9      | Bought a scroll of identify for 30 gold pieces
 10647 | D:9      | Noticed a harpy
 10653 | D:9      | Killed a harpy
 10653 | D:9      | Reached XP level 11. HP: 77/90 MP: 12/14
 10659 | D:9      | Identified the +6 mace of Olaomah {vorpal, Int+5}
 10662 | D:9      | Noticed a deep elf mage
 10665 | D:9      | Killed an ogre mage
 10671 | D:9      | Killed a deep elf mage
 10671 | D:9      | Reached skill level 10 in Axes
 10671 | D:9      | Reached skill level 10 in Throwing
 10762 | D:10     | Entered Level 10 of the Dungeon
 10800 | D:10     | Reached skill level 1 in Armour
 11138 | D:10     | Found a staircase to the Orcish Mines.
 11522 | D:10     | Found a roughly hewn altar of Beogh.
 11871 | D:11     | Reached *** piety under Hepliaklqana
 12335 | D:11     | Noticed a two-headed ogre
 12343 | D:11     | Killed a two-headed ogre
 12343 | D:11     | Reached skill level 11 in Axes
 13098 | D:11     | Noticed a white ugly thing
 13107 | D:11     | Killed a white ugly thing
 13331 | D:11     | Noticed a six-headed hydra
 13390 | D:11     | Killed a six-headed hydra
 13790 | D:11     | Killed an unseen horror
 13790 | D:11     | Reached XP level 12. HP: 88/99 MP: 16/16
 13935 | Lair:1   | Entered Level 1 of the Lair of Beasts
 14057 | Lair:1   | Noticed a four-headed hydra
 14061 | Lair:1   | Killed a four-headed hydra
 14256 | Lair:1   | Reached skill level 5 in Dodging
 14342 | Lair:1   | Reached skill level 12 in Axes
 14408 | Lair:1   | Noticed an eight-headed hydra
 14448 | Lair:1   | Killed an eight-headed hydra
 14448 | Lair:1   | Reached skill level 5 in Armour
 14793 | Lair:1   | Reached **** piety under Hepliaklqana
 15469 | Lair:2   | Found a dark tunnel.
 15570 | Volcano  | Entered a volcano
 15842 | Lair:2   | Found a hole to the Spider Nest.
 16966 | Lair:3   | Reached ***** piety under Hepliaklqana
 16973 | Lair:3   | Reached skill level 13 in Axes
 17096 | Lair:3   | Noticed Nergalle
 17104 | Lair:3   | Killed Nergalle
 17214 | Lair:3   | Noticed Urug
 17225 | Lair:3   | Killed Urug
 17485 | Lair:3   | Found a staircase to the Swamp.
 17795 | Lair:3   | Noticed a five-headed hydra
 17825 | Lair:3   | Killed a five-headed hydra
 18127 | Lair:4   | Reached XP level 13. HP: 65/107 MP: 18/18
 18439 | Lair:4   | Reached skill level 14 in Axes
 19465 | Lair:5   | Found a viscous altar of Jiyva.
 19465 | Lair:5   | Found a staircase to the Slime Pits.
 19620 | Lair:5   | Found a runed translucent gate.
 19621 | Lair:5   | Found a runed translucent gate.
 19621 | Lair:5   | Found a runed translucent gate.
 19622 | Lair:5   | Noticed Seod's ghost (journeyman FoAK)
 19925 | Lair:6   | Entered Level 6 of the Lair of Beasts
 20911 | Lair:5   | Reached skill level 15 in Axes
 21407 | Lair:6   | Reached XP level 14. HP: 103/117 MP: 19/19
 21721 | Lair:6   | Reached ****** piety under Hepliaklqana
 22602 | Lair:5   | Cast into level 2 of the Abyss (Seod's ghost)
 22632 | Lair:5   | Escaped the Abyss
 22643 | Lair:5   | Got a fine plate armour
 22648 | Lair:5   | HP: 2/118 [Seod's ghost (14)]
 22648 | Lair:5   | Slain by a 14-headed hydra

Illustrated notes

Levels and vault maps discovered:
D:1:      erik_arrival_orb_chamber, layout_basic, supply_closet_lemuel,
          minmay_misc_feat_alley
D:2:      layout_basic, minmay_between
D:3:      layout_basic
D:4:      layout_basic, uniq_natasha
D:5:      layout_rooms, minmay_temple_entry_gardened_gates, uniq_edmund,
          uniq_duvessa
D:6:      minmay_skewed_foursquare, layout_rooms,
          nicolae_overflow_hidden_temple, minmay_microvault, uniq_menkaure
D:7:      layout_rooms
D:8:      layout_basic, lemuel_crystal_altar, due_lair_maze_entry_diamond,
          uniq_maurice, uniq_grum
D:9:      layout_basic, serial_shops, shop_scrolls, minivault_13
D:10:     layout_rooms, minmay_orc_entry_temple_small
D:11:     layout_grid_maze, serial_park_tiny_2
Temple:   kb_temple_of_zot
Lair:1:   layout_cave_pods
Lair:2:   layout_cave_pods, spider_nest_entry_web_field,
          nicolae_volcano_entry_batcave, beast_lair_carwin_5,
          grunt_megastairs_3, serial_bayou_shore_b
Lair:3:   layout_roguey, swamp_mist, lemuel_fruit_fields, serial_bayou_shore_b,
          uniq_nergalle, uniq_urug
Lair:4:   layout_misc_corridors, grunt_megastairs_2
Lair:5:   layout_roguey, slime_altar_1, gammafunk_ghost_hydra_chop,
          grunt_megastairs_5
Lair:6:   wormcave, layout_loops_ring, hangedman_lair_tendril_chambers,
          lemuel_fruit_fields, serial_bayou_shore_b

Skill      XL: |  1  2  3  4  5  6  7  8  9 10 11 12 13 14 |
---------------+-------------------------------------------+-----
Fighting       | 3 4 5 6 7 8 9 10 11 12 13 14 | 14.0
Throwing       | 5 6 7 8 9 10 | 10.0
Shields        | 1 3 4 |  4.0
Invocations    | 1 3 5 6 7 8 |  8.0
Maces & Flails | 3 |  3.6
Axes           | 1 6 9 11 13 15 | 15.7
Armour         | 4 7 9 |  9.5
Dodging        | 4 6 8 9 |  9.1
Stealth        | |  0.7

Action                   |  1- 3 |  4- 6 |  7- 9 | 10-12 | 13-15 || total
-------------------------+-------+-------+-------+-------+-------++-------
Melee: Short sword       |    69 |    61 |       |       |       ||   130
       Headbutt          |    14 |    30 |    47 |    99 |    61 ||   251
       Dagger            |       |   113 |    34 |       |       ||   147
       Flail             |       |       |    86 |       |       ||    86
       Broad axe         |       |       |   111 |   458 |   273 ||   842
       Demon trident     |       |       |       |     6 |       ||     6
Throw: Throwing net      |       |     1 |     2 |     1 |       ||     4
       Javelin           |       |       |    21 |     6 |     2 ||    29
Invok: Ancestor Life: Ba |       |       |       |     1 |       ||     1
       Ancestor Identity |       |       |       |     1 |       ||     1
Evoke: Wand              |       |       |       |     7 |       ||     7
  Use: Scroll            |       |     7 |     3 |    20 |     4 ||    34
       Potion            |       |       |       |     1 |       ||     1
 Stab: Distracted        |       |       |     2 |     9 |     8 ||    19
Armor: Leather armour    |     3 |       |       |       |       ||     3
       Ring mail         |    20 |    26 |       |       |       ||    46
       Plate armour      |       |    62 |   164 |   313 |   184 ||   723
Dodge: Dodged            |    56 |    59 |    78 |   186 |   128 ||   507
Block: Buckler           |       |    14 |    75 |   104 |    72 ||   265
       Tower shield      |       |       |       |       |    27 ||    27

Table legend: (Time is in decaauts)
 A = Elapsed time spent in this place.
 B = Non-inter-level travel time spent in this place.
 C = Inter-level travel time spent in this place.
 D = Time resting spent in this place.
 E = Time spent auto-exploring this place.
 F = Levels seen in this place.
 G = Mean time per level.
                   A        B        C        D        E       F      G
               +--------+--------+--------+--------+--------+-----+--------+
         Total |  22739 |  21796 |    943 |    888 |  17802 |  20 | 1136.9 |
       Dungeon |  13907 |  13405 |    502 |    291 |  11125 |  11 | 1264.3 |
        Temple |    143 |    105 |     38 |      0 |    103 |   1 |  143.0 |
          Lair |   8510 |   8107 |    403 |    597 |   6468 |   6 | 1418.3 |
         Abyss |     30 |     30 |      0 |      0 |      0 |   1 |   30.0 |
       Volcano |    148 |    148 |      0 |      0 |    106 |   1 |  148.0 |
               +--------+--------+--------+--------+--------+-----+--------+

Top non-repeatable levels by time:
    D:11: 2275 daAuts
  Lair:6: 2070 daAuts
     D:8: 1980 daAuts
     D:9: 1728 daAuts
  Lair:5: 1493 daAuts
  Lair:1: 1489 daAuts
     D:2: 1379 daAuts
  Lair:2: 1344 daAuts
     D:5: 1278 daAuts
     D:6: 1271 daAuts
  Lair:3: 1187 daAuts
  Lair:4: 925 daAuts
     D:1: 890 daAuts
    D:10: 888 daAuts
     D:7: 862 daAuts
